 Dungeon Crawl Stone Soup version 0.25.1-2-g60ff931df9 (webtiles) character file.

Game seed: 15620615600327256008

188 DearestLeader the Chopper (level 5, -3/38 HPs)
             Began as a Demonspawn Gladiator on Oct 23, 2020.
             Slain by an ogre
             ... wielding a cursed +0 giant club
              (17 damage)
             ... on level 3 of the Dungeon.
             The game lasted 00:04:59 (2746 turns).

DearestLeader the Chopper (Demonspawn Gladiator)    Turns: 2746, Time: 00:05:00

Health: -3/38      AC: 13    Str: 15    XL:     5   Next: 39%
Magic:  5/5        EV:  7    Int:  9    God:
Gold:   144        SH:  0    Dex: 15    Spells: 4/4 levels left

rFire    . . .     SeeInvis .   o - +0 mace (drain)
rCold    . . .     Gourm    .   (no shield)
rNeg     . . .     Faith    .   t - +0 chain mail
rPois    .         Spirit   .   c - +0 helmet
rElec    .         Reflect  .   (no cloak)
rCorr    .         Harm     .   l - +0 pair of gloves
MR       .....                  (no boots)
Stlth    ..........             (no amulet)
HPRegen  0.12/turn              (no ring)
MPRegen  0.09/turn              (no ring)

@: no status effects
A: yellow scales 2
a: no special abilities


You were on level 3 of the Dungeon.
You were not hungry.

You visited 1 branch of the dungeon, and saw 3 of its levels.

You collected 144 gold pieces.

Inventory:

Hand Weapons
 a - a +0 war axe
 h - a +0 whip of venom
 o - a +0 mace of draining (weapon)
Missiles
 d - 3 throwing nets
 e - 8 poisoned darts (quivered)
Armour
 c - a +0 helmet (worn)
 l - a +0 pair of gloves (worn)
 t - a +0 chain mail (worn)
Jewellery
 n - a cursed amulet of inaccuracy {unknown}
Wands
 r - a wand of enslavement (9)
Scrolls
 g - 4 scrolls of identify {unknown}
 k - 5 scrolls of remove curse {unknown}
 m - 2 scrolls of teleportation {unknown}
 s - a scroll of magic mapping {unknown}
Potions
 b - a potion of curing
 i - 2 potions of might {unknown}
 p - a potion of haste {unknown}
 q - a potion of cancellation {unknown}
Comestibles
 f - 4 rations


   Skills:
 - Level 2.0 Fighting
 * Level 4.9 Axes
 - Level 1.7 Throwing
 + Level 2.1 Armour
 - Level 3.0 Dodging


You had 4 spell levels left.
You didn't know any spells.
Your spell library was empty.

Dungeon Overview and Level Annotations

Branches:
Dungeon (3/15)

Altars:


Innate Abilities, Weirdness & Mutations

You are mostly covered in yellow scales. (AC +3)


Message History

The ogre hits you with a cursed +0 giant club!
You hit the ogre but do no damage. You drain the ogre.
The ogre is moderately wounded.
The ogre hits you with a cursed +0 giant club.
You hit the ogre. You drain the ogre.
The ogre is heavily wounded.
The ogre hits you with a cursed +0 giant club!
* * * LOW HITPOINT WARNING * * *
The ogre hits you but does no damage.
There is an open door here.
The ogre seems less drained.
The ogre hits you with a cursed +0 giant club.
* * * LOW HITPOINT WARNING * * *
You see here a stone.
You see here a stone.
The ogre barely misses you.
You hit the ogre.
The ogre is heavily wounded.
The ogre hits you with a cursed +0 giant club!
You die...

#g# ##.# #........# #
######.######.#
#).......# #
#......#....#.###
#........#
#......(..(.....#
#.#.######
#....)##....#...# #.#.#
#.....##....##l.# #.#l#
#.....##....##.g# #.#.#
# #.....#########O#
#.#.# ##### # #.....#
#@###.#g# #...# #
####### #..##.#.# #...#
#
#######.<##.#.###...####
................)...'..'
.######...#.#.###...####
#.#.#.#.###รท......
#.#...#...#.######
#.##..###.#.# #.##..#
#.#.#


You could see an ogre, a goblin and a frilled lizard.

Vanquished Creatures
  An orc priest (D:3)
  An orc wizard (D:3)
  5 adders
  An ooze (D:3)
  A worm (D:2)
  3 leopard geckos
  6 orcs (D:3)
  3 ball pythons
  5 giant cockroaches
  7 goblins
  4 hobgoblins
  10 bats
  6 frilled lizards
  8 kobolds
  A leopard gecko zombie (D:3)
  9 rats
71 creatures vanquished.

Notes
Turn   | Place    | Note
-------+----------+-------------------------------------------
     0 | D:1      | DearestLeader the Demonspawn Gladiator began the quest for
                  | the Orb.
     0 | D:1      | Reached XP level 1. HP: 16/16 MP: 1/1
   141 | D:1      | Reached skill level 3 in Axes
   209 | D:1      | Gained mutation: You are partially covered in yellow
                  | scales. (AC +2) [demonic ancestry]
   209 | D:1      | Reached XP level 2. HP: 22/22 MP: 2/2
   733 | D:1      | Reached XP level 3. HP: 27/27 MP: 3/3
  1692 | D:2      | Reached skill level 1 in Armour
  1945 | D:3      | Reached skill level 4 in Axes
  2027 | D:3      | Reached XP level 4. HP: 28/33 MP: 4/4
  2251 | D:3      | Gained mutation: You are mostly covered in yellow scales.
                  | (AC +3) [demonic ancestry]
  2251 | D:3      | Reached XP level 5. HP: 38/38 MP: 5/5
  2654 | D:3      | Noticed an ogre
  2746 | D:3      | Slain by an ogre

Illustrated notes

Levels and vault maps discovered:
D:1:      lightli_arrival_boilingwater, layout_loops_corners, serial_glass,
          glass_columns_b, glass_columns_b, glass_columns_a, glass_columns_c,
          item_on_display_a, feat_on_display, minmay_heptomino_o4
D:2:      layout_loops_ring
D:3:      layout_basic, first_ration, hex_intersection, xom_teletrap_fun

Skill      XL: |  1  2  3  4  5 |
---------------+----------------+-----
Axes           | 3 4 |  4.9
Dodging        | 3 |  3.0
Armour         | 1 2 |  2.1
Fighting       | |  2.0
Throwing       | |  1.7

Action                   |  1- 3 |  4- 6 || total
-------------------------+-------+-------++-------
Melee: War axe           |   165 |    59 ||   224
       Mace              |       |    37 ||    37
  Use: Potion            |       |     1 ||     1
 Stab: Sleeping          |     4 |       ||     4
  Eat: Chunk             |     4 |     2 ||     6
Armor: Leather armour    |    41 |       ||    41
       Scale mail        |    29 |    26 ||    55
       Chain mail        |       |    25 ||    25
Dodge: Dodged            |   127 |    49 ||   176
